Minoru, lawful male human Samurai --- --- --.---.-- |.......| ------- |....|.-- |..|..| --- --...------.....| ------ --.-- |.......<......| |....| --...------.-----..--...-- |....| |........>..D......|----- |....| -----------@----..-- ---.---- |.|--...| |...| ---.||..--- ---.|.| ----...|-..| ---- |...|.| --.|....|...---------..| ---.--|.| |......................---|...| |.| --.--....-------------...||.--- |.---- --------- ---.--.| |....--- |....| |......----------- - ---..| ---..%...%%%(...[..| |..| |....------------- ---- --..-- ---- Minoru the Ninja Experience level: 7 Strength: 18/01 Dexterity: 16 Constitution: 18 Intelligence: 10 Wisdom: 8 Charisma: 7 Health: 0(69) Energy: 25(25) Def: 8 Gold: 229 Moves: 2749 Dungeon seed: ZSsyf9aoC_JbmCOd Game ID: Minoru_1442802691 Your Inventory: Coins $ - 229 gold pieces Weapons a - an uncursed +0 katana (weapon in hand) b - an uncursed +0 wakizashi c - a blessed +0 yumi (alternate weapon; not wielded) d - 14 blessed +0 ya j - 10 uncursed +0 silver arrows named non-cursed (in quiver) o - an uncursed +0 dagger p - an uncursed +0 elven dagger u - a blessed +1 silver saber z - 28 uncursed +0 arrows G - a blessed +2 arrow Armor e - an uncursed rustproof +0 splint mail (being worn) n - an uncursed +0 pair of speed boots named non-cursed (being worn) D - an uncursed +0 dwarvish cloak (being worn) M - an uncursed +0 orcish helm (being worn) Comestibles I - an uncursed gunyoki Scrolls h - an uncursed scroll of amnesia i - 2 uncursed scrolls of identify named non-cursed Potions S - an uncursed potion of speed V - an uncursed potion of confusion Wands t - an uncursed wand of sleep (0:5) Tools l - an uncursed osaku v - an uncursed partly used tallow candle (0:66) w - a blessed tallow candle (0:200) C - an uncursed leash R - an uncursed stethoscope T - 18 uncursed tallow candles (0:200) X - 3 uncursed wax candles (0:400) Gems f - 2 uncursed worthless pieces of yellowish brown glass q - 2 uncursed jasper stones r - 2 uncursed worthless pieces of red glass y - an uncursed worthless piece of green glass H - an uncursed jade stone J - an uncursed chrysoberyl stone N - 3 uncursed worthless pieces of orange glass O - an uncursed worthless piece of yellow glass U - 2 uncursed worthless pieces of blue glass W - an uncursed worthless piece of black glass Y - 2 uncursed turquoise stones Spells and supernatural/magical abilities: Name Level Category Fail Memory W - pray for help -- divine ? -- Your skills at the end: Fighting Skills martial arts [Basic] Weapon Skills short sword [Basic] long sword [Skilled] bow [Basic] Spellcasting Skills Final Attributes: You were piously aligned. You were very fast. You are dead. Vanquished creatures: a mastodon an ochre jelly an elf mummy a giant spider a gnome king an orc mummy a plains centaur a snake 8 gnome lords 3 gnomish wizards a straw golem a baby crocodile a floating eye 2 kittens a dwarf 4 dwarf zombies 2 iguanas an acid blob a hobbit a hobgoblin a giant rat a yellow mold 29 gnomes 4 geckos a jackal 2 foxes 2 sewer rats a grid bug 2 bats a lichen 3 newts 81 creatures vanquished. Voluntary challenges: You used a wielded weapon 89 times, starting on turn 43. You read items or engraved 2 times, starting on turn 2699. You never genocided any monsters. You never polymorphed an object. You never changed form. You used no wishes. You never split a pudding. You never wrote Elbereth's name. You violated your moral code, losing 1 point of alignment, starting on turn 2711. Dungeon overview: The Dungeons of Doom: levels 1 to 4 Level 1 some fountains a long staircase Level 2 a general store Level 3 stairs to The Gnomish Mines Level 4 The Gnomish Mines: levels 4 to 9 Level 4 stairs to The Dungeons of Doom Level 5 Level 6 many shops, a temple to Susanowo, some fountains Level 7 Level 8 <- You were here Level 9 History has recorded: On T:1 you entered the Dungeons of Doom to retrieve the Amulet of Yendor! On T:64 you reached level 2 of The Dungeons of Doom. On T:289 you reached level 3 of The Dungeons of Doom. On T:592 you reached level 1 of The Gnomish Mines. On T:648 you reached level 4 of The Dungeons of Doom. On T:828 you advanced to experience level 2. On T:830 you advanced to experience level 3. On T:1062 you advanced to experience level 4. On T:1071 you reached level 2 of The Gnomish Mines. On T:1173 you advanced to experience level 5. On T:1237 you reached level 4 of The Gnomish Mines. On T:1363 you advanced to experience level 6. On T:1425 you reached level 3 of The Gnomish Mines. On T:1858 you reached level 5 of The Gnomish Mines. On T:1951 you reached level 6 of The Gnomish Mines. On T:2028 you advanced to experience level 7. Score breakdown: Gold: 229 ( 8033 points) Experience: 7 levels (13645 points) Exploration: 9 levels ( 16.98%) (11766 points) Discoveries: 3 items ( 1.22%) ( 3312 points) Valuables value: (no points given unless you survive) Artifact value: 0 ( 0 points) Variety of kills: 31 monsters ( 8.14%) ( 8557 points) Turncount: 2749 turns ( -470 points) Survival: died (score multiplied by 80%) Total score: 35874 Latest messages: It bites! It hits! (2x) The combat suddenly awakens you. The black dragon bites! The black dragon hits! (2x) You die... Final status: Sayonara Minoru the Samurai, killed by a black dragon... You died in The Gnomish Mines on dungeon level 8 with 35874 points, and 229 pieces of gold, after 2749 moves. You were level 7 with a maximum of 69 hit points when you died.